 Dungeon Crawl Stone Soup version 0.31-a0-263-ge8cad7f256 (webtiles) character file.

Game seed: 3097764915864692336

102 Strat the Trooper (level 4, -2/40 (42) HPs)
             Began as a Hill Orc Gladiator on July 13, 2023.
             Slain by Crazy Yiuf
             ... wielding a +3 quarterstaff of chaos
              (4 damage)
             ... on level 2 of the Dungeon.
             The game lasted 00:04:31 (2205 turns).

Strat the Trooper (Hill Orc Gladiator)              Turns: 2205, Time: 00:04:32

HP:   -2/40 (42)    AC:  7    Str: 18    XL:     4   Next: 78%
MP:   1/4           EV: 10    Int:  8    God:
Gold: 94            SH:  0    Dex: 12    Spells: 3/3 levels left

rFire   + . .        a - +0 short sword (venom)
rCold   + . .        (no shield)
rNeg    . . .        n - +0 scale mail
rPois   +            c - +0 helmet
rElec   +            (no cloak)
rCorr   +            (no gloves)
SInv    .            (no boots)
Will    .....        (no amulet) Stlth
                     (no ring)
HPRegen 0.26/turn    (no ring)
MPRegen 0.09/turn

%: no passive effects
@: resistant, lightly drained
A: no striking features
a: no special abilities


You were on level 2 of the Dungeon.
You visited 1 branch of the dungeon, and saw 2 of its levels.

You collected 94 gold pieces.

Inventory:

Hand Weapons
 a - a +0 short sword of venom (weapon)
 b - a +1 whip of draining
 o - a +0 flail
Missiles
 d - 2 throwing nets (quivered)
 e - a javelin
 h - 6 poisoned darts
Armour
 c - a +0 helmet (worn)
 i - a +0 leather armour
 n - a +0 scale mail (worn)
Jewellery
 m - an amulet of the acrobat
Scrolls
 g - a scroll of blinking {unknown}
 k - a scroll of butterflies {unknown}
 p - a scroll of enchant armour {unknown}
 q - a scroll of vulnerability {unknown}
 r - a scroll of identify {unknown}
Potions
 f - a potion of curing
 j - a potion of brilliance {unknown}
 l - 2 potions of mutation {unknown}


   Skills:
 + Level 5.4 Fighting
 - Level 3.2 Maces & Flails
 - Level 1.7 Throwing
 + Level 1.6 Armour
 - Level 2.4 Dodging


You had 3 spell levels left.
You didn't know any spells.
Your spell library contained the following spells:

 Spells                   Type           Power      Damage    Failure   Level
 Sublimation of Blood     Necr           0%         N/A       91%         2
 Volatile Blastmotes      Fire/Tloc      0%         2d10      99%         3
 Dispel Undead            Necr           0%         3d6       100%        4
 Fulminant Prism          Conj/Hex       0%         3d5       100%        4
 Iskenderun's Mystic Bla  Conj/Tloc      0%         2d3       100%        4
 Eringya's Noxious Bog    Tmut/Pois      0%         4d6       100%        6
 Haunt                    Necr/Summ      0%         N/A       100%        7


Dungeon Overview and Level Annotations

Branches:
Dungeon (2/15)

Altars:
Fedhas

Annotations:
D:2 Crazy Yiuf


Message History

Crazy Yiuf is moderately wounded.
Crazy Yiuf says, "Ice!
Gum bush tea."
Crazy Yiuf hits you with a +3 quarterstaff of chaos!
* * * LOW HITPOINT WARNING * * *
You barely miss Crazy Yiuf.
Crazy Yiuf is moderately wounded.
Crazy Yiuf hits you with a +3 quarterstaff of chaos.
* * * LOW HITPOINT WARNING * * *
You feel better.
Crazy Yiuf hits you with a +3 quarterstaff of chaos!
* * * LOW HITPOINT WARNING * * *
Crazy Yiuf freezes you.
* * * LOW HITPOINT WARNING * * *
You hit Crazy Yiuf.
Crazy Yiuf is heavily wounded.
Crazy Yiuf says, "Seed!"
Crazy Yiuf hits you with a +3 quarterstaff of chaos.
* * * LOW HITPOINT WARNING * * *
You closely miss Crazy Yiuf.
Crazy Yiuf is heavily wounded.
Crazy Yiuf hits you with a +3 quarterstaff of chaos.
* * * LOW HITPOINT WARNING * * *
Crazy Yiuf attacks as you move away! Crazy Yiuf hits you but does no damage.
Crazy Yiuf whimpers, "Snower!
Scoff action illywillydillykilly."
Crazy Yiuf attacks as you move away! Crazy Yiuf closely misses you.
Crazy Yiuf attacks as you move away! Crazy Yiuf barely misses you.
Crazy Yiuf says, "Earwax!"
You whack Crazy Yiuf!
Crazy Yiuf is almost dead.
Crazy Yiuf hits you with a +3 quarterstaff of chaos!
* * * LOW HITPOINT WARNING * * *
Your +0 short sword of venom begins to drip with poison!
a - a +0 short sword of venom (weapon)
You hit Crazy Yiuf but do no damage.
Crazy Yiuf is poisoned.
Crazy Yiuf is almost dead.
Crazy Yiuf barely misses you.
You hit Crazy Yiuf but do no damage.
Crazy Yiuf is almost dead.
Crazy Yiuf hits you with a +3 quarterstaff of chaos.
You die...

....##.######
#............# ###.##.#
#...######.#.# #.##)# #.###
#.#.# #.##.# #.# #.#.#
#.##.# ### ##### #.##.#
#### #.##.######..##♣♣♣♣♣
#)##.>....[.#.#..♣.♣♣♣ ###
#....######...@g..♣..♣#...#
####.# #.....♣♣♣♣♣.'...#
#.# #...#.♣ ♣♣#..)# #.#
#.###♣♣ ### #.# #..# #.#
#### #.# ### ### #.# #.#
#.# #.# #.# #.#


You could see Crazy Yiuf (very poisoned, very drained).

Vanquished Creatures
  Terence (D:2)
  Robin (D:2)
  A gnoll (D:1)
  2 worms
  2 dart slugs
  4 ball pythons
  5 bats
  3 endoplasms
  11 goblins
  5 hobgoblins
  4 kobolds
  A frilled lizard (D:1)
  3 rats (D:1)
43 creatures vanquished.

Notes
Turn   | Place    | Note
-------+----------+-------------------------------------------
     0 | D:1      | Strat the Hill Orc Gladiator began the quest for the Orb.
     0 | D:1      | Reached XP level 1. HP: 18/18 MP: 1/1
   225 | D:1      | Reached skill level 3 in Fighting
   314 | D:1      | Reached XP level 2. HP: 26/26 MP: 2/2
   621 | D:1      | Reached skill level 4 in Fighting
   667 | D:1      | Found a faded altar of an unknown god.
   750 | D:1      | Reached XP level 3. HP: 33/33 MP: 3/3
  1068 | D:2      | Found a blossoming altar of Fedhas.
  1137 | D:2      | Got Wuoniq's Information on the Infected Mortuary
  1376 | D:2      | Noticed Terence
  1385 | D:2      | Noticed Robin
  1482 | D:2      | Killed Terence
  1483 | D:2      | Reached skill level 5 in Fighting
  1483 | D:2      | Reached XP level 4. HP: 34/42 MP: 4/4
  1589 | D:2      | Killed Robin
  1590 | D:2      | Reached skill level 1 in Armour
  2020 | D:2      | Found a runed translucent door.
  2036 | D:2      | Noticed Crazy Yiuf
  2202 | D:2      | HP: 1/40 [Crazy Yiuf/+3 quarterstaff of chaos (10)]
  2205 | D:2      | Slain by Crazy Yiuf

Illustrated notes

Levels and vault maps discovered:
D:1:      dpeg_arrival_brainrot, layout_loops_ring, basic_ecumenical_altar,
          nicolae_grassy_gnolls
D:2:      layout_loops_ring, basic_altar, uniq_crazy_yiuf_cottage, uniq_terence,
          uniq_robin

Skill      XL: |  1  2  3  4 |
---------------+-------------+-----
Fighting       | 3 4 5 |  5.4
Armour         | 1 |  1.6
Maces & Flails | |  3.2
Throwing       | |  1.7
Dodging        | |  2.4

Action                     |  1- 3 |  4- 6 || total
---------------------------+-------+-------++-------
  Melee: Flail             |    31 |       ||    31
         Short sword       |    60 |    54 ||   114
         Whip              |       |    23 ||    23
         Punch             |       |     1 ||     1
  Throw: Throwing net      |     1 |       ||     1
    Use: Potion            |       |     3 ||     3
   Stab: Held in net/web   |     1 |       ||     1
 Armour: Leather armour    |    27 |       ||    27
         Scale mail        |       |    30 ||    30
  Dodge: Dodged            |    62 |    35 ||    97

Table legend: (Time is in decaauts)
 A = Elapsed time spent in this place.
 B = Non-inter-level travel time spent in this place.
 C = Inter-level travel time spent in this place.
 D = Time resting spent in this place.
 E = Time spent auto-exploring this place.
 F = Levels seen in this place.
 G = Mean time per level.
                   A        B        C        D        E       F      G
               +--------+--------+--------+--------+--------+-----+--------+
         Total |   2210 |   2079 |    131 |    152 |   1419 |   2 | 1105.0 |
       Dungeon |   2210 |   2079 |    131 |    152 |   1419 |   2 | 1105.0 |
               +--------+--------+--------+--------+--------+-----+--------+

Top non-repeatable levels by time:
     D:1: 1250 daAuts
     D:2: 959 daAuts
